 Dungeon Crawl Stone Soup version 0.27-a0-341-g40fdf68bc5 (webtiles) character file.

Game seed: 15846211889423753799

7279 Chiseanne the Fighter (level 10, 83/86 HPs)
             Began as a Demonspawn Wanderer on Feb 14, 2021.
             Was an Initiate of Gozag.
             Quit the game on level 9 of the Dungeon.
             The game lasted 00:26:47 (7661 turns).

Chiseanne the Fighter (Demonspawn Wanderer)         Turns: 7661, Time: 00:26:47

Health: 83/86      AC: 16    Str: 21    XL:     10   Next: 89%
Magic:  9/10       EV: 14    Int: 11    God:    Gozag
Gold:   358        SH:  0    Dex: 18    Spells: 9/9 levels left

rFire    + + .     SeeInvis .   u - +9 mace "Bimimisa" {vorpal, Fragile rC+ Str+8}
rCold    + + .     Faith    .   (no shield)
rNeg     . . .     Spirit   +   A - +2 chain mail {rF+}
rPois    .         Reflect  .   (no helmet)
rElec    .         Harm     .   t - +2 cloak
rCorr    .         Rampage  .   (no gloves)
Will     .....                  (no boots)
Stlth    ..........             n - amulet of guardian spirit
HPRegen  0.24/turn              j - ring of protection from cold
MPRegen  0.12/turn              z - ring of protection from fire

@: mildly poisoned (83 -> 82), gold aura
A: claws 1, hooves 2, powered by pain 2, spiny 1
a: Renounce Religion, Potion Petition, Call Merchant, Bribe Branch


You were on level 9 of the Dungeon.
You worshipped Gozag.
Gozag was aware of your devotion.
You visited 2 branches of the dungeon, and saw 10 of its levels.

You collected 887 gold pieces.
You spent 341 gold pieces at shops.
You paid 188 gold pieces to Gozag.

Inventory:

Hand Weapons
 a - a +2 quarterstaff
 c - a +0 mace of venom
 l - a +0 battleaxe of flaming
 s - a +4 quarterstaff of chaos
 u - the +9 mace "Bimimisa" (weapon) {vorpal, Fragile rC+ Str+8}
   (You found it on level 4 of the Dungeon)

   It inflicts extra damage upon your enemies.
   It affects your strength (+8).
   It protects you from cold.
   It will be destroyed if unequipped.
 w - a +2 shortbow
 C - a +2 war axe of freezing
 G - a +2 arbalest of flaming
 H - a +0 vampiric demon blade
Missiles
 b - 122 arrows
 e - 229 stones (quivered)
 h - 37 poisoned darts
 i - 16 boomerangs
 m - 4 throwing nets
 o - 14 sling bullets
 y - 33 bolts
Armour
 d - a +0 kite shield
 t - a +2 cloak (worn)
 A - a +2 chain mail of fire resistance (worn)
Magical Staves
 D - a staff of poison {unknown}
 I - a staff of conjuration {unknown}
 L - a staff of cold {unknown}
Jewellery
 j - a ring of protection from cold (left claw)
 n - an amulet of guardian spirit (around neck)
 z - a ring of protection from fire (right claw)
 E - a ring of fire
 K - a +4 ring of protection {unknown}
Scrolls
 x - a scroll of enchant weapon
 B - a scroll of teleportation
Potions
 f - 2 potions of mutation {unknown}
 g - 2 potions of flight
 k - 3 potions of curing
 p - a potion of might {unknown}
 q - a potion of resistance {unknown}
 r - 3 potions of haste
 v - 2 potions of lignification {unknown}
 F - 3 potions of attraction
 J - a potion of cancellation {unknown}
 N - a potion of heal wounds


   Skills:
 * Level 10.5 Fighting
 - Level 2.6 Short Blades
 - Level 1.0 Bows
 - Level 1.0 Throwing
 * Level 8.8 Armour
 * Level 9.0 Dodging
 - Level 1.0 Shields


You had 9 spell levels left.
You didn't know any spells.
Your spell library contained the following spells:

 Spells                   Type           Power        Failure   Level
 Animate Skeleton         Necr           0%           94%         1
 Apportation              Tloc           0%           94%         1
 Corona                   Hex            0%           94%         1
 Summon Small Mammal      Summ           0%           94%         1
 Ensorcelled Hibernation  Hex/Ice        0%           98%         2
 Slow                     Hex            0%           98%         2
 Confusing Touch          Hex            0%           100%        3
 Dazzling Flash           Conj/Hex       0%           100%        3
 Inner Flame              Hex/Fire       0%           100%        3
 Portal Projectile        Hex/Tloc       0%           100%        3
 Tukima's Dance           Hex            0%           100%        3
 Cause Fear               Hex            0%           100%        4
 Leda's Liquefaction      Hex/Erth       0%           100%        4


Dungeon Overview and Level Annotations

Branches:
Dungeon (9/15)             Temple (1/1) D:6            Lair (0/6) D:8
    Orc: D:9-12

Altars:
Ashenzari
Cheibriados
Dithmenos
Elyvilon
Fedhas
Gozag
Hepliaklqana
Kikubaaqudgha
Makhleb
Nemelex Xobeh
Okawaru
Qazlal
Ru
Sif Muna
Trog
Uskayaw
Vehumet
Wu Jian
Xom
Yredelemnul
Zin
The Shining One
Beogh
Jiyva

Shops:
D:8 **

Annotations:
D:4 3 runed translucent doors, MrTvister's ghost, amateur TrMo
D:5 3 runed translucent doors, Nattfarinn's ghost, amateur BaSu
D:9 2 transporters


Innate Abilities, Weirdness & Mutations

You have sharp fingernails.
You have hoof-like feet.
You sometimes gain power by taking damage.
You are partially covered in sharp spines.


Message History

No target in view!
You now have 327 gold pieces (gained 13).
Found 17 gold pieces.
You now have 344 gold pieces (gained 17).
You open the door.
There is an open door here.
You open the door.
Found a robe.
There is an open door here.
A shadow imp comes into view.
The shadow imp shouts, "Scamper away, thou baffled dread-bolted bootlicker!"
The shadow imp is struck by your spines.
The shadow imp hits you but does no damage.
You thump the shadow imp!
You kill the shadow imp!
You now have 350 gold pieces (gained 6).
Found a ring mail.
You see here a ring mail.
A worker ant comes into view.
Found 24 arrows.
The worker ant bites you.
You are poisoned.
The worker ant poisons you!
You closely miss the worker ant. You kick the worker ant!
The worker ant is heavily wounded.
You feel sick.
The worker ant bites you but does no damage.
The worker ant closely misses you.
You hit the worker ant. Your kick misses the worker ant.
The worker ant is severely wounded.
You feel sick. The worker ant barely misses you.
You hit the worker ant but do no damage.
The worker ant is severely wounded.
The worker ant barely misses you. x2
You sock the worker ant!
You kill the worker ant!
You feel sick.
Your Dodging skill increases to level 9!
You now have 358 gold pieces (gained 8).
Are you sure you want to abandon this character and quit the game? (Confirm with "yes".)

#.######### #.#...<...#
#.#.#####.# ###.#.# #.#
.....# ###.###### .
##...# #.....[..#
....#....###.#^####.####
#....@.....#.# #......
#.(..........# #..###.
#..####.##.#### #..# #.#
...# ##.#.# #..## ...
##.# .#.# #...# #.# #.#
.#.# #.#.# #.# #.# .#.##
#.#.##. #.#### #.# .#..#
###...... #.##.## #.##
##..###.###.###


There were no monsters in sight!

Vanquished Creatures
  Harold (D:8)
  A hydra (D:8)
  A centaur warrior (D:8)
  A two-headed ogre (D:7)
  A deep elf pyromancer (D:8)
  A faun (shapeshifter) (D:8)
  A troll (D:9)
  A shadow (D:8)
  Eustachio (D:4)
  A basilisk (D:8)
  Menkaure (D:6)
  Duvessa (D:6)
  An acid dragon (D:8)
  A water moccasin (D:9)
  2 orc warriors
  A sky beast (D:8)
  2 ogres (D:5)
  2 centaurs (D:6)
  6 bullfrogs
  Blork the orc (D:4)
  Dowan (D:6)
  5 scorpions
  8 killer bees (D:9)
  2 bullfrog zombies
  2 howler monkeys
  2 bullfrog skeletons
  A hound (D:8)
  A jelly (D:8)
  4 orc priests
  Crazy Yiuf (D:4)
  A centaur skeleton (D:9)
  4 orc wizards
  3 iguanas
  10 worker ants
  A killer bee zombie (D:6)
  A mummy (D:5)
  2 worker ant zombies
  5 adders
  2 shadow imps
  2 white imps
  An ooze (D:4)
  A dart slug (D:5)
  A leopard gecko (D:5)
  27 orcs
  A bat (D:1)
  6 giant cockroaches
  2 goblins (D:3)
  10 hobgoblins
  8 jackals
  6 quokkas
  2 ball pythons
  5 frilled lizards
  A giant cockroach zombie (D:5)
  A jackal zombie (D:5)
  5 kobolds
  4 rats
167 creatures vanquished.

Vanquished Creatures (others)
  A jelly (D:8)
  A white imp (D:8)
  A fungus (D:4)
  2 plants (D:5)
5 creatures vanquished.

Grand Total: 172 creatures vanquished

Notes
Turn   | Place    | Note
-------+----------+-------------------------------------------
     0 | D:1      | Chiseanne the Demonspawn Wanderer began the quest for the
                  | Orb.
     0 | D:1      | Chiseanne set off with the following items: a +2 shortbow,
                  | 29 arrows, a +0 quarterstaff, a +0 kite shield, a +0 robe
     0 | D:1      | Reached XP level 1. HP: 19/19 MP: 1/1
   471 | D:3      | Reached skill level 1 in Dodging
   471 | D:3      | Gained mutation: You are partially covered in sharp spines.
                  | [demonic ancestry]
   471 | D:3      | Reached XP level 2. HP: 25/25 MP: 2/2
   773 | D:3      | Gained mutation: You have large cloven feet. [demonic
                  | ancestry]
   773 | D:3      | Reached XP level 3. HP: 8/31 MP: 3/3
  1104 | D:1      | Reached skill level 1 in Armour
  1292 | D:3      | Found a snail-covered altar of Cheibriados.
  1326 | D:4      | Noticed a scorpion
  1330 | D:4      | Killed a scorpion
  1331 | D:4      | Gained mutation: You have hoof-like feet. [demonic
                  | ancestry]
  1331 | D:4      | Reached XP level 4. HP: 38/38 MP: 4/4
  1419 | D:4      | Found a runed translucent gate.
  1419 | D:4      | Found a runed translucent gate.
  1420 | D:4      | Found a runed translucent gate.
  1421 | D:4      | Noticed MrTvister's ghost (amateur TrMo)
  1458 | D:4      | Reached skill level 5 in Fighting
  1585 | D:4      | Noticed Blork the orc
  1591 | D:4      | Killed Blork the orc
  1592 | D:4      | Gained mutation: You sometimes gain a little power by
                  | taking damage. [demonic ancestry]
  1592 | D:4      | Reached XP level 5. HP: 30/44 MP: 5/5
  1881 | D:5      | Entered Level 5 of the Dungeon
  2253 | D:4      | Noticed Eustachio
  2624 | D:5      | Noticed an ogre
  2644 | D:5      | Killed an ogre
  2645 | D:5      | Reached XP level 6. HP: 43/51 MP: 6/6
  3091 | D:5      | Reached XP level 7. HP: 34/57 MP: 7/7
  3221 | D:5      | Found a bloodstained altar of Trog.
  3221 | D:5      | Found a radiant altar of Vehumet.
  3221 | D:5      | Found a basalt altar of Yredelemnul.
  3221 | D:5      | Found a glowing silver altar of Zin.
  3232 | D:5      | Reached skill level 6 in Fighting
  3526 | D:5      | Found a runed translucent gate.
  3526 | D:5      | Identified the +1 chain mail of Juoxt {rF+}
  3526 | D:5      | Noticed Nattfarinn's ghost (amateur BaSu)
  3587 | D:5      | Found a runed translucent gate.
  3588 | D:5      | Found a runed translucent gate.
  3589 | D:5      | Found a roughly hewn altar of Beogh.
  3888 | D:4      | Found a runed translucent door.
  3889 | D:4      | Noticed Crazy Yiuf
  3895 | D:4      | Killed Crazy Yiuf
  3902 | D:4      | Got a bloodstained mace
  3939 | D:4      | Killed Eustachio
  4294 | D:6      | Noticed Dowan
  4295 | D:6      | Noticed Duvessa
  4320 | D:6      | Killed Duvessa
  4321 | D:6      | Reached XP level 8. HP: 54/65 MP: 8/8
  4402 | D:6      | Killed Dowan
  4403 | D:6      | Reached skill level 5 in Dodging
  4453 | D:6      | Identified the +9 mace "Bimimisa" {vorpal, Fragile rC+
                  | Str+8} (You found it on level 4 of the Dungeon)
  4571 | D:6      | Reached skill level 7 in Fighting
  4601 | D:6      | Noticed Menkaure
  4606 | D:6      | Killed Menkaure
  4607 | D:6      | Reached skill level 5 in Armour
  4794 | D:6      | Found a staircase to the Ecumenical Temple.
  4800 | Temple   | Entered the Ecumenical Temple
  5664 | D:7      | Noticed a two-headed ogre
  5670 | D:7      | Killed a two-headed ogre
  5671 | D:7      | Reached skill level 8 in Fighting
  5671 | D:7      | Gained mutation: You have sharp fingernails. [demonic
                  | ancestry]
  5671 | D:7      | Reached XP level 9. HP: 74/74 MP: 9/9
  5907 | D:8      | Found Nengoti's General Store.
  5923 | D:8      | Found an opulent altar of Gozag.
  5931 | D:8      | Became a worshipper of Gozag Ym Sagoz the Greedy
  5945 | D:8      | Bought a potion of degeneration for 15 gold pieces
  5945 | D:8      | Bought a potion of berserk rage for 75 gold pieces
  5978 | D:8      | Noticed a deep elf pyromancer
  5979 | D:8      | Found a shimmering blue altar of Sif Muna.
  5979 | D:8      | Noticed a troll
  5982 | D:8      | Noticed a centaur warrior
  5993 | D:8      | Killed a centaur warrior
  5994 | D:8      | Reached skill level 9 in Fighting
  6166 | D:8      | Noticed a merfolk
  6171 | D:8      | Noticed a faun
  6171 | D:8      | a merfolk changed into a faun
  6179 | D:8      | Killed a faun
  6180 | D:8      | Gained mutation: You sometimes gain power by taking damage.
                  | [demonic ancestry]
  6180 | D:8      | Reached XP level 10. HP: 60/83 MP: 7/10
  6616 | D:8      | Noticed Harold
  6641 | D:8      | Noticed a four-headed hydra
  6648 | D:8      | Killed Harold
  6651 | D:8      | Killed a four-headed hydra
  6652 | D:8      | Reached skill level 10 in Fighting
  6879 | D:8      | Killed a deep elf pyromancer
  7201 | D:8      | Found a staircase to the Lair.
  7327 | D:8      | Found Warph's Assorted Antiques.
  7335 | D:8      | Bought a fizzy amethyst potion for 23 gold pieces
  7335 | D:8      | Bought a metallic orange potion for 23 gold pieces
  7335 | D:8      | Bought a white potion for 23 gold pieces
  7335 | D:8      | Bought a scroll of identify for 52 gold pieces
  7335 | D:8      | Bought a potion of heal wounds for 130 gold pieces
  7492 | D:9      | Found a transporter.
  7492 | D:9      | Noticed a great orb of eyes
  7494 | D:9      | Found a viscous altar of Jiyva.
  7548 | D:9      | Found a transporter.
  7661 | D:9      | Quit the game

Illustrated notes

Levels and vault maps discovered:
D:1:      matt_arrival_spirals, layout_loops_ring
D:2:      layout_loops_ring, uniq_robin
D:3:      layout_basic, general_overflow_altar, led_sif_book,
          minmay_door_square, st_stairs_7, uniq_natasha, uniq_terence
D:4:      layout_gridville, ebering_ghost_rock_garden, uniq_blork_the_orc,
          uniq_crazy_yiuf_cottage, uniq_eustachio
D:5:      layout_basic, chequers_temple_overflow_statue_of_worship,
          biasface_ghost_orc_armoury, gup_ossuary_entry_pyramid,
          serial_bayou_pond_b
D:6:      layout_basic, minmay_temple_entry_fiery, uniq_duvessa, uniq_menkaure
D:7:      layout_rooms, the_bakery
D:8:      minmay_the_grid_octo_tiled_squarecenter [minmay_the_grid_octo_teeth,
          minmay_the_grid_octo_vomiting_pacman, minmay_the_grid_octo_toaster,
          minmay_the_grid_octo_checkerflower,
          minmay_the_grid_square_5x5_megaprize_open,
          minmay_the_grid_square_5x5_minimal, minmay_the_grid_square_5x5_two,
          minmay_the_grid_square_5x5_longway,
          minmay_the_grid_square_5x5_percent], layout_loops_ring,
          grunt_gozag_statues, lair_entry_dummy, serial_shops, shop,
          nicolae_shop_waterfront, uniq_harold
D:9:      gammafunk_jiyva_shrine, layout_loops_corners, chei_slow_surprise
Temple:   regret_index_temple_generic_petals

Skill      XL: |  1  2  3  4  5  6  7  8  9 10 |
---------------+-------------------------------+-----
Dodging        | 1 2 3 4 6 7 9 |  9.0
Armour         | 1 2 3 4 6 7 8 |  8.8
Fighting       | 5 6 8 9 10 | 10.5
Short Blades   | |  2.6
Bows           | |  1.0
Throwing       | |  1.0
Shields        | |  1.0

Action                   |  1- 3 |  4- 6 |  7- 9 | 10-12 || total
-------------------------+-------+-------+-------+-------++-------
Melee: Quarterstaff      |    65 |    67 |    51 |       ||   183
       Kick              |     4 |    26 |    55 |    18 ||   103
       Unarmed           |       |    12 |       |       ||    12
       Mace              |       |    10 |    97 |    74 ||   181
 Fire: Shortbow          |     7 |       |       |       ||     7
Throw: Stone             |       |     1 |       |       ||     1
Evoke: Wand              |       |       |     5 |     9 ||    14
  Use: Scroll            |       |     5 |    10 |     5 ||    20
       Potion            |       |       |     1 |     3 ||     4
 Stab: Sleeping          |     1 |       |       |       ||     1
       Distracted        |       |       |     1 |       ||     1
Armor: Robe              |     2 |       |       |       ||     2
       Leather armour    |     2 |       |       |       ||     2
       Scale mail        |     6 |    26 |    70 |    25 ||   127
       Skin              |       |     3 |       |       ||     3
       Chain mail        |       |       |       |     6 ||     6
Dodge: Dodged            |    34 |    97 |    98 |    63 ||   292

Table legend: (Time is in decaauts)
 A = Elapsed time spent in this place.
 B = Non-inter-level travel time spent in this place.
 C = Inter-level travel time spent in this place.
 D = Time resting spent in this place.
 E = Time spent auto-exploring this place.
 F = Levels seen in this place.
 G = Mean time per level.
                   A        B        C        D        E       F      G
               +--------+--------+--------+--------+--------+-----+--------+
         Total |   7784 |   7459 |    325 |   2570 |   1428 |  10 |  778.4 |
       Dungeon |   7538 |   7241 |    297 |   2570 |   1211 |   9 |  837.6 |
        Temple |    245 |    217 |     28 |      0 |    217 |   1 |  245.0 |
               +--------+--------+--------+--------+--------+-----+--------+

Top non-repeatable levels by time:
     D:5: 1584 daAuts
     D:8: 1461 daAuts
     D:4: 1349 daAuts
     D:3: 963 daAuts
     D:6: 851 daAuts
     D:7: 456 daAuts
     D:1: 447 daAuts
     D:9: 408 daAuts
  Temple: 245 daAuts
     D:2: 16 daAuts
